 Dungeon Crawl Stone Soup version 0.25-a0-547-g27a0b5d1ef (console) character file.

Game seed: 10447423764168660367, levelgen mode: deterministic

64 utis the Shooter (level 4, 0/26 HPs)
             Began as a Tengu Arcane Marksman on Feb 21, 2020.
             Succumbed to an adder's poison
             ... on level 3 of the Dungeon.
             The game lasted 00:05:42 (2821 turns).

utis the Shooter (Tengu Arcane Marksman)            Turns: 2821, Time: 00:05:43

Health: 0/26       AC:  2    Str:  8 (10) XL:     4   Next: 12%
Magic:  0/6        EV: 13    Int: 18 (19) God:
Gold:   51         SH:  0    Dex: 13 (15) Spells: 2/5 levels left

rFire    . . .     SeeInvis .   a - +0 dagger (drain)
rCold    . . .     Gourm    .   (no shield)
rNeg     . . .     Faith    .   e - +0 robe
rPois    .         Spirit   .   (helmet restricted)
rElec    .         Reflect  .   (no cloak)
rCorr    .         Harm     .   (no gloves)
MR       .....                  (boots unavailable)
Stlth    +.........             (no amulet)
HPRegen  0.08/turn              (no ring)
MPRegen  0.10/turn              (no ring)

@: brilliant, lethally poisoned (0 -> -15), stab, very slow
A: beak, talons 3
a: no special abilities


You were on level 3 of the Dungeon.
You were hungry.

You visited 1 branch of the dungeon, and saw 3 of its levels.

You collected 51 gold pieces.

Inventory:

Hand Weapons
 a - a +0 dagger of draining (weapon)
 b - a +0 hunting sling
 c - a +0 spear
 w - a +0 shortbow
Missiles
 d - 52 arrows
 n - 18 stones (quivered)
Armour
 e - a +0 robe (worn)
Jewellery
 p - a +6 ring of intelligence {unknown}
Scrolls
 g - a scroll of noise {unknown}
 i - 5 scrolls of teleportation {unknown}
 j - 2 scrolls of identify {unknown}
 o - 2 scrolls of remove curse {unknown}
Potions
 h - a potion of degeneration {@e1}
 l - a potion of brilliance
 m - a potion of resistance {unknown}
Comestibles
 f - 3 rations {@e1}


   Skills:
 + Level 1.9 Fighting
 + Level 3.1 Bows
 * Level 3.0 Dodging
 - Level 1.0 Spellcasting
 + Level 2.5 Hexes


You had 2 spell levels left.
You knew the following spells:

 Your Spells              Type           Power        Failure   Level  Hunger
a - Corona                Hex            ###....      1%          1    ##.....
w - Slow                  Hex            ###.....     1%          2    ###....

Your spell library contained the following spells:

 Spells                   Type           Power        Failure   Level  Hunger
 Inner Flame              Hex/Fire       ###.....     4%          3    ####...
 Portal Projectile        Hex/Tloc       ###...       4%          3    ####...
 Cause Fear               Hex            ###.......   8%          4    #####..
 Leda's Liquefaction      Hex/Erth       ###.......   13%         4    #####..


Dungeon Overview and Level Annotations

Branches:
Dungeon (3/15)

Altars:


Innate Abilities, Weirdness & Mutations

You have a beak for a mouth.
You have claws for feet.


Message History

The adder poisons you!
Unknown command.
It was a potion of degeneration.
There was something very wrong with that liquid.
You feel weakened.
You feel dopey.
You feel clumsy.
* * * LOW HITPOINT WARNING * * *
You feel sick. The adder bites you.
* * * LOW HITPOINT WARNING * * *
You are more poisoned.
The adder poisons you!
It was a potion of brilliance.
You feel clever all of a sudden.
* * * LOW HITPOINT WARNING * * *
You feel sick.
The goblin hits the plant with a +0 dagger.
The adder closely misses you.
It was a potion of stabbing.
You feel ready to backstab.
You are feeling hungry.
You die...

░░░ . ..░░ .░
░..░░.░░ ░░░░
.....|.░ ...
░......░ ░..
░......░░
░.░░░░♣S.......
░.....≈Q..[..░
.░░░░░░░.%≈♣≈..≈♣..░
.....^.<.♣♣≈≈.g≈⚶♣
..░░░░░░♣♣≈≈≈..≈≈≈♣
≈≈≈≈.€.⚶⚶≈≈
♣≈≈≈!..≈⚶g≈≈
♣≈≈⚶)..⚶⚶≈≈≈
♣≈⚶≈...♣≈≈≈≈


You could see an adder, a hobgoblin and a goblin.

Vanquished Creatures
  2 adders
  3 worms
  A dart slug (D:1)
  4 goblins
  4 hobgoblins (D:1)
  7 jackals (D:2)
  A quokka (D:2)
  4 bats
  2 frilled lizards
  4 kobolds
  4 rats
36 creatures vanquished.

Notes
Turn   | Place    | Note
-------+----------+-------------------------------------------
     0 | D:1      | utis the Tengu Arcane Marksman began the quest for the Orb.
     0 | D:1      | Reached XP level 1. HP: 12/12 MP: 3/3
   437 | D:1      | Reached XP level 2. HP: 16/16 MP: 2/4
  1462 | D:2      | Reached XP level 3. HP: 15/20 MP: 5/5
  1617 | D:2      | Learned a level 2 spell: Slow
  2795 | D:3      | Reached XP level 4. HP: 26/26 MP: 6/6
  2820 | D:3      | HP: 1/26 [poisoned by an adder]
  2821 | D:3      | Succumbed to an adder's poison

Levels and vault maps discovered:
D:1:      saegor_arrival_miasma, layout_basic
D:2:      layout_basic, serial_curves, eino_curves_02, eino_curves_04,
          eino_curves_02, eino_curves_03
D:3:      layout_rooms, portal_sewer_entry_f, roderic_roman_lattice,
          serial_bayou_ford_a, uniq_robin

Skill      XL: |  1  2  3 |
---------------+----------+-----
Bows           | 3 |  3.1
Dodging        | 3 |  3.0
Fighting       | |  1.9
Spellcasting   | |  1.0
Hexes          | |  2.5

Action                   |  1- 3 |  4- 6 || total
-------------------------+-------+-------++-------
Melee: Spear             |    14 |       ||    14
       Kick              |    11 |     1 ||    12
       Peck              |    11 |     2 ||    13
       Unarmed           |     1 |       ||     1
       Dagger            |    59 |    12 ||    71
 Fire: Shortbow          |     1 |       ||     1
       Hunting sling     |     4 |       ||     4
 Cast: Corona            |    28 |     2 ||    30
       Slow              |     2 |     3 ||     5
  Use: Potion            |       |     3 ||     3
 Stab: Sleeping          |     2 |       ||     2
  Eat: Chunk             |     7 |       ||     7
Armor: Robe              |     2 |     2 ||     4
Dodge: Dodged            |    28 |     5 ||    33

Table legend:
 A = Non-vault XP
 B = Vault XP
 C = Vault XP percentage of total XP
 D = Non-vault monster count
 E = Vault monster count
 F = Vault count percentage of total count
                 A         B        C        D         E       F
            +---------+---------+-------+---------+---------+-------
      Total |      92 |       0 |   0.0 |      36 |       0 |   0.0
            +---------+---------+-------+---------+---------+-------
        D:1 |      25 |       0 |   0.0 |      16 |       0 |   0.0
        D:2 |      46 |       0 |   0.0 |      16 |       0 |   0.0
        D:3 |      21 |       0 |   0.0 |       4 |       0 |   0.0
            +---------+---------+-------+---------+---------+-------
